 Dungeon Crawl Stone Soup version 0.28-a0-79-g444c7a33f5 (webtiles) character file.

Game seed: 16518094585111362693

81 siradein the Skirmisher (level 4, -1/37 HPs)
             Began as a Demonspawn Berserker on Aug 3, 2021.
             Was a Believer of Trog.
             Killed from afar by an orc wizard (9 damage)
             ... with a puff of flame
             ... on level 3 of the Dungeon.
             The game lasted 00:05:30 (3863 turns).

siradein the Skirmisher (Demonspawn Berserker)      Turns: 3863, Time: 00:05:30

Health: -1/37      AC:  5    Str: 19    XL:     4   Next: 20%
Magic:  4/4        EV: 11    Int:  8    God:    Trog [**....]
Gold:   54         SH: 12    Dex: 12    Spells: 3/3 levels left

rFire   . . .      SeeInvis .   a - +0 hand axe
rCold   . . .      Faith    .   f - +0 tower shield
rNeg    . . .      Spirit   .   n - +0 leather armour
rPois   .          Reflect  .   (no helmet)
rElec   .          Harm     .   (no cloak)
rCorr   .          Rampage  .   (no gloves)
Will    .....                   (no boots)
Stlth   +.........              k - amulet of the acrobat
HPRegen 0.12/turn               i - +4 ring of evasion
MPRegen 0.09/turn               (no ring)

@: no status effects
A: slimy green scales 1
a: Renounce Religion, Berserk, Trog's Hand


You were on level 3 of the Dungeon.
You worshipped Trog.
Trog was pleased with you.
You visited 1 branch of the dungeon, and saw 4 of its levels.

You collected 80 gold pieces.
You spent 26 gold pieces at shops.

Inventory:

Hand Weapons
 a - a +0 hand axe (weapon)
Armour
 f - a +0 tower shield (worn)
 n - a +0 leather armour (worn)
Jewellery
 i - a +4 ring of evasion (left hand)
 k - an amulet of the acrobat (around neck)
Scrolls
 b - a scroll of enchant weapon {unknown}
 c - a scroll of blinking {unknown}
 d - a scroll of magic mapping {unknown}
 g - a scroll of teleportation {unknown}
Potions
 e - a potion of cancellation
 j - a potion of might
 l - a potion of heal wounds
 m - a potion of haste {unknown}
 o - a potion of curing {unknown}


   Skills:
 + Level 3.9 Fighting
 + Level 3.5 Axes
 - Level 1.7 Armour
 - Level 1.7 Dodging
 + Level 1.2 Shields


You had 3 spell levels left.
You didn't know any spells.
Your spell library was empty.

Dungeon Overview and Level Annotations

Branches:
Dungeon (4/15)
 Temple: D:4-7

Altars:
Ru

Shops:
D:3 ?


Innate Abilities, Weirdness & Mutations

You are partially covered in slimy green scales. (AC +2)


Message History

The orc wizard is lightly wounded.
You hit the orc. The orc wizard barely misses you.
The orc hits you with a +0 club.
The orc wizard hits you with a +0 dagger.
You are too injured to fight recklessly!
You are too injured to fight recklessly!
You are too injured to fight recklessly!
You are too injured to fight recklessly!
You are too injured to fight recklessly!
You see here a jackal corpse.
You slash the orc!
You kill the orc!
Trog accepts your kill.
The orc wizard points at you and mumbles some strange words.
The magic dart hits you.
You barely miss the orc wizard.
The orc wizard is lightly wounded.
The orc wizard misses you.
You hit the orc wizard but do no damage.
The orc wizard is lightly wounded.
The orc wizard barely misses you.
The orc wizard mumbles some strange words.
The orc wizard flickers and vanishes!
Deactivating autopickup; reactivate with Ctrl-A.
You barely miss something. Something hits you.
* * * LOW HITPOINT WARNING * * *
You closely miss something. You block something's attack.
Something hits you but does no damage.
You miss something.
Something hits you but does no damage. x2
You completely miss something. Something hits you.
* * * LOW HITPOINT WARNING * * *
You barely miss something. Something hits you.
* * * LOW HITPOINT WARNING * * *
Something hits you but does no damage.
You barely miss something. Something hits you but does no damage.
You hit something. Something hits you but does no damage.
You hear some strange, mumbled words.
A puff of flame appears from out of thin air!
The puff of flame hits you!
You die...

###########
#.........#
#.........#
#.........#
#.........#
#####.........#
###...#####.#.#####
####
..............[{@.#
#...
###.#.#...÷.#.†##.#
#.#.
#.#..........##.#
#..<
#....).##.##.##.#
####..#
###.....#..#.##.#
#...)..
#####.##.(##.#.##.#
#.##.##
....#.....##.#.##.#
#.##...
.##.#.#...##.#.##.#
####.##.##
.##.##....##.#....#
#....##.#


There were no monsters in sight!

Vanquished Creatures
  3 worms
  A dart slug (D:3)
  4 orcs (D:3)
  7 endoplasms
  4 giant cockroaches
  5 goblins
  4 hobgoblins
  7 jackals
  6 kobolds
  2 quokkas
  3 ball pythons
  5 bats
  3 frilled lizards
  7 rats
61 creatures vanquished.

Notes
Turn   | Place    | Note
-------+----------+-------------------------------------------
     0 | D:1      | siradein the Demonspawn Berserker began the quest for the
                  | Orb.
     0 | D:1      | Reached XP level 1. HP: 18/18 MP: 1/1
   436 | D:1      | Gained mutation: You are partially covered in slimy green
                  | scales. (AC +2) [demonic ancestry]
   436 | D:1      | Reached XP level 2. HP: 20/24 MP: 2/2
  1690 | D:2      | Found a faded altar of an unknown god.
  1745 | D:2      | Reached ** piety under Trog
  1821 | D:2      | Reached XP level 3. HP: 27/29 MP: 3/3
  1994 | D:2      | You fall into a shaft and drop 1 floor!
  2371 | D:3      | Found Anock's Magic Scroll Shop.
  2662 | D:2      | Found a sacrificial altar of Ru.
  2927 | D:2      | Reached skill level 1 in Shields
  3344 | D:3      | Reached XP level 4. HP: 28/37 MP: 4/4
  3556 | D:3      | Bought a scroll of identify for 26 gold pieces
  3795 | D:4      | Noticed an orc warrior
  3863 | D:3      | Killed from afar by an orc wizard

Illustrated notes

Levels and vault maps discovered:
D:1:      dpeg_arrival_court, layout_loops_corners
D:2:      layout_basic, ebering_ecumenical_altar_mist, basic_altar
D:3:      layout_basic, serial_shops, shop, roderic_serpentine_path,
          minmay_fractal_squares_gapless_5
D:4:      layout_rooms

Skill      XL: |  1  2  3 |
---------------+----------+-----
Axes           | 3 |  3.5
Shields        | 1 |  1.2
Fighting       | |  3.9
Armour         | |  1.7
Dodging        | |  1.7

Action                   |  1- 3 |  4- 6 || total
-------------------------+-------+-------++-------
Melee: Hand axe          |   167 |    32 ||   199
  Use: Scroll            |       |     3 ||     3
 Stab: Sleeping          |     1 |       ||     1
Armor: Animal skin       |    42 |       ||    42
       Leather armour    |     8 |    16 ||    24
Dodge: Dodged            |    72 |    12 ||    84
Block: Tower shield      |    84 |    30 ||   114

Table legend: (Time is in decaauts)
 A = Elapsed time spent in this place.
 B = Non-inter-level travel time spent in this place.
 C = Inter-level travel time spent in this place.
 D = Time resting spent in this place.
 E = Time spent auto-exploring this place.
 F = Levels seen in this place.
 G = Mean time per level.
                   A        B        C        D        E       F      G
               +--------+--------+--------+--------+--------+-----+--------+
         Total |   3967 |   3814 |    153 |     39 |   3224 |   4 |  991.8 |
       Dungeon |   3967 |   3814 |    153 |     39 |   3224 |   4 |  991.8 |
               +--------+--------+--------+--------+--------+-----+--------+

Top non-repeatable levels by time:
     D:1: 1704 daAuts
     D:3: 1184 daAuts
     D:2: 1071 daAuts
     D:4: 6 daAuts
